AoeStats
← EdmanuelDV

Black Forest

505149621Analyzed
3v3 RM · 25d ago on Sep 8, 2026· 83m 25s· 6 players
Game mode
Random Map
Map size
Normal (6 player)
Population
200
Speed
Normal
Resources
Standard
Victory
Conquest
Starting age
Dark Age
Ending age
Imperial Age
RankedLock teamsTeams togetherTeam positionsShared explorationLock speedFull tech treeHidden civsTurbo modeCheats
Victory
Defeat
🇨🇱 Lithuanians · Chile
592
+14
🇧🇷 Teutons · Brazil
556
+16
🇧🇷 Vikings · Brazil
498
+18
🇲🇽 Maya · Mexico
898
-120
🇲🇽 Cumans · Mexico
394
-10
🇲🇽 Koreans · Mexico
366
-9
FERMORTE
2:33 Loom
14:52 Feudal Age
21:59 Arson
22:38 Double-Bit Axe
29:15 Horse Collar
37:21 Castle Age
41:55 Bow Saw
42:04 Heavy Plow
44:01 Gold Mining
44:03 Stone Mining
50:21 Imperial Age
50:58 Town Watch
51:46 Town Patrol
54:17 Chemistry
53:40 Ballistics
53:26 Siphons
53:13 Heated Shot
54:39 Two-Man Saw
56:22 Fletching
56:35 Padded Archer Armor
56:42 Scale Barding Armor
56:48 Caravan
57:19 Coinage
57:44 Gold Shaft Mining
56:56 Treadmill Crane
57:55 Crop Rotation
61:32 Elite Berserk
65:43 Chain Barding Armor
65:19 Bodkin Arrow
65:40 Leather Archer Armor
65:28 Scale Mail Armor
66:15 Chieftains
66:19 Bogsveigar
66:59 Hoardings
66:27 Heavy Scorpion
69:27 Bracer
renatomuzzi
3:21 Loom
13:22 Feudal Age
16:11 Double-Bit Axe
17:49 Horse Collar
20:40 Stone Mining
22:00 Gold Mining
26:22 Castle Age
24:36 Arson
29:02 Padded Archer Armor
30:04 Town Watch
30:42 Heavy Plow
32:07 Stone Shaft Mining
34:57 Wheelbarrow
36:29 Squires
39:28 Leather Archer Armor
39:04 Fletching
39:08 Crossbowman
40:29 Bow Saw
40:28 Pikeman
41:43 Bloodlines
42:34 Siphons
42:41 Careening
42:42 Clinker Construction
42:23 Guard Tower
42:56 Elite Skirmisher
43:44 Bodkin Arrow
43:50 Scale Mail Armor
43:56 Scale Barding Armor
44:13 Forging
43:28 Man-at-Arms
43:54 Gambesons
48:01 Iron Casting
47:43 Chain Mail Armor
47:48 Chain Barding Armor
52:41 Imperial Age
54:56 Blast Furnace
54:28 Ring Archer Armor
54:34 Plate Barding Armor
55:05 Sappers
57:24 Halberdier
57:30 Cavalier
60:06 Conscription
61:08 Fervor
60:59 Atonement
61:09 Redemption
61:20 Sanctity
61:01 Devotion
61:28 Hand Cart
62:35 Plate Mail Armor
62:13 Long Swordsman
64:26 Hoardings
69:40 Coinage
69:11 Caravan
76:38 Paladin
76:40 Two-Handed Swordsman
76:45 Elite Teutonic Knight
82:10 Banking
81:37 Arrowslits
82:41 Spies/Treason
Plutit00
11:23 Feudal Age
13:19 Horse Collar
13:29 Double-Bit Axe
16:09 Wheelbarrow
20:32 Castle Age
19:23 Stone Mining
19:26 Gold Mining
21:26 Padded Archer Armor
21:17 Fletching
24:06 Bow Saw
24:04 Heavy Plow
24:24 Hand Cart
25:16 Stone Shaft Mining
31:53 Squires
31:39 Arson
31:16 Pikeman
32:34 Leather Archer Armor
32:15 Bodkin Arrow
34:20 Scale Mail Armor
34:39 Caravan
35:10 Coinage
38:37 Imperial Age
41:12 Two-Man Saw
40:46 Crop Rotation
40:42 Onager
41:56 Town Watch
42:49 Ring Archer Armor
43:24 Loom
43:46 Bracer
43:54 Scale Barding Armor
47:22 Elite Leitis
48:13 Tower Shields
48:40 Conscription
54:28 Hoardings
55:27 Chain Barding Armor
59:37 Cavalier
59:40 Light Cavalry
60:32 Bloodlines
60:29 Husbandry
62:33 Paladin
62:34 Winged Hussar
65:03 Elite Skirmisher
65:03 Heavy Cavalry Archer
65:51 Thumb Ring
67:55 Hill Forts
67:30 Crossbowman
68:56 Plate Barding Armor
70:03 Ballistics
70:45 Chemistry
69:30 Treadmill Crane
69:44 Guard Tower
Isra23097758
10:54 Feudal Age
11:31 Loom
13:21 Wheelbarrow
16:11 Double-Bit Axe
18:10 Arson
27:01 Man-at-Arms
31:40 Bloodlines
33:50 Castle Age
34:06 Castle Age
35:33 Squires
36:20 Hand Cart
41:45 Ballistics
41:16 Heated Shot
41:38 Masonry
41:49 Gold Mining
41:51 Stone Mining
41:46 Horse Collar
44:50 Gold Shaft Mining
43:40 Long Swordsman
44:16 Crossbowman
52:00 Imperial Age
49:58 Murder Holes
miiza9315
12:15 Feudal Age
13:39 Wheelbarrow
21:30 Forging
21:26 Scale Barding Armor
26:12 Scale Mail Armor
26:03 Fletching
32:49 Castle Age
32:25 Horse Collar
33:46 Husbandry
35:03 Hand Cart
34:37 Double-Bit Axe
35:04 Gold Mining
35:08 Stone Mining
38:27 Heavy Plow
38:42 Bow Saw
40:19 Caravan
42:54 Chain Mail Armor
42:49 Treadmill Crane
45:34 Heated Shot
46:05 Ballistics
45:56 Masonry
46:26 Iron Casting
46:12 Chain Barding Armor
49:21 Fortified Wall
49:07 Murder Holes
52:54 Imperial Age
57:05 Chemistry
55:50 Arrowslits
58:52 Cavalier
61:37 Eupseong
71:04 Two-Man Saw
71:02 Architecture
70:39 Siege Engineers
EdmanuelDV
14:50 Feudal Age
17:28 Loom
47:15 Castle Age
56:26 Imperial Age
54:23 Crossbowman
54:23 Elite Skirmisher
57:36 Sappers
Connection lost

Rejoining the realm…

Still unreachable

The connection could not be restored.

Session expired

The server has moved on; the page needs a fresh start.